 Seeded DCSS version 0.29-a0-362-g5854e031c7 (webtiles) character file.

Game seed: 16159354105524068321 (custom seed)

3148 zeratav the Archer (level 9, -2/54 HPs)
             Began as a Tengu Hunter on Apr 29, 2022.
             Was an Initiate of Gozag.
             Slain by a killer bee (4 damage)
             ... on level 8 of the Dungeon.
             The game lasted 00:16:12 (8245 turns).

zeratav the Archer (Tengu Hunter)                   Turns: 8245, Time: 00:16:13

Health: -2/54      AC:  5    Str: 12    XL:     9   Next: 93%
Magic:  10/10      EV: 21    Int:  9    God:    Gozag
Gold:   810        SH:  0    Dex: 31    Spells: 8/8 levels left

rFire   . . .      SeeInvis .   e - +0 shortbow (freeze) {bow}
rCold   . . .      Faith    .   (shield currently unavailable)
rNeg    . . .      Spirit   .   b - +0 leather armour
rPois   .          Reflect  .   (helmet restricted)
rElec   .          Harm     .   (no cloak)
rCorr   .          Rampage  .   q - +1 pair of gloves {Dex+3}
Will    .....                   (boots unavailable)
Stlth   ++........              (no amulet)
HPRegen 0.18/turn               m - +4 ring of slaying
MPRegen 0.12/turn               G - +6 ring of dexterity

@: lethally poisoned (-2 -> -13), gold aura, flying quickly and evasively, quick
A: beak, talons 3, nimble flight
a: Renounce Religion, Potion Petition, Call Merchant, Bribe Branch


You were on level 8 of the Dungeon.
You worshipped Gozag.
Gozag was pleased with you.
You visited 2 branches of the dungeon, and saw 10 of its levels.

You collected 902 gold pieces.
You paid 92 gold pieces to Gozag.


Innate Abilities, Weirdness & Mutations

You have a beak for a mouth.
You have claws for feet.
Your magical nature lets you fly swiftly and evasively.


   Skills:
 + Level 5.4 Fighting
 - Level 12.0 Bows
 + Level 6.0 Dodging
 - Level 1.0 Stealth
 - Level 5.0 Evocations


You had 8 spell levels left.
You didn't know any spells.
Your spell library contained the following spells:

 Spells                   Type           Power      Damage    Failure   Level
 Animate Skeleton         Necr           0%         N/A       45%         1
 Pain                     Necr           0%         1d4       45%         1
 Sandblast                Erth           0%         2d4       45%         1
 Corpse Rot               Necr/Air       0%         N/A       61%         2
 Passwall                 Tmut/Erth      0%         N/A       61%         2
 Poisonous Vapours        Pois/Air       0%         N/A       61%         2
 Stone Arrow              Conj/Erth      0%         3d7       83%         3
 Vampiric Draining        Necr           0%         2d6       83%         3
 Summon Lightning Spire   Summ/Air       0%         N/A       99%         4
 Storm Form               Tmut/Air       0%         N/A       100%        7
 Maxwell's Capacitive Co  Air            0%         ∞         100%        8

Inventory:

Hand Weapons
 a - a +1 shortbow {bow}
 e - a +0 shortbow of freezing (weapon) {bow}
   (You took it off a centaur on level 5 of the Dungeon)
 y - a +4 hand axe of flaming {axe}
   (You took it off an orc on level 5 of the Dungeon)
Armour
 b - a +0 leather armour (worn)
 q - a +1 pair of gloves of dexterity (worn)
   (You acquired it on level 2 of the Dungeon)
 s - the +2 kite shield "Maggolom" {rPois rCorr}
   (You found it on level 2 of the Dungeon)

   rPois:     It protects you from poison.
   rCorr:     It protects you from acid and corrosion.
 I - a +2 ring mail of cold resistance
   (You took it off an orc on level 4 of the Dungeon)
 S - the +1 scale mail of Nemelex Xobeh's Anger {rN+}
   (You took it off a wight on level 7 of the Dungeon)

   rN:        It protects you from negative energy.
Jewellery
 l - a ring of poison resistance
   (You found it on level 1 of the Dungeon)
 m - a +4 ring of slaying (left hand)
   (You found it on level 1 of the Dungeon)
 G - a +6 ring of dexterity (right hand)
   (You found it on level 6 of the Dungeon)
Wands
 k - a wand of polymorph (9)
   (You found it on level 8 of the Dungeon)
 t - a wand of iceblast (15)
   (You found it on level 5 of the Dungeon)
 C - a wand of acid (8)
   (You found it on level 3 of the Dungeon)
 K - a wand of mindburst (19)
   (You found it on level 4 of the Dungeon)
Scrolls
 c - 4 scrolls of immolation {!r!r}
 h - 5 scrolls of magic mapping {!r}
 i - 4 scrolls of blinking {!r}
 o - 2 scrolls of fear
 p - 7 scrolls of amnesia
 u - a scroll of holy word
 B - 4 scrolls of teleportation {@r4}
 D - a scroll of noise {unknown}
 H - a scroll of enchant armour {unknown}
 N - 7 scrolls of identify {@r1}
 V - a scroll of fog {unknown}
Potions
 d - 2 potions of might {unknown}
 g - a potion of ambrosia
 j - a potion of cancellation {unknown}
 n - 5 potions of curing {@q1}
 r - 2 potions of heal wounds {@q2}
 w - a potion of flight {unknown}
 x - a potion of invisibility {unknown}
 z - 2 potions of haste {unknown}
 A - 2 potions of resistance {unknown}
 F - a potion of brilliance {unknown}
 J - 3 potions of degeneration {unknown}
 L - a potion of magic {unknown}
 P - a potion of attraction {unknown}

Dungeon Overview and Level Annotations

Branches:
Dungeon (9/15)             Temple (1/1) D:5            Lair (0/6) D:8
    Orc: D:9-12

Altars:
Ashenzari
Cheibriados
Dithmenos
Elyvilon
Fedhas
Gozag
Hepliaklqana
Kikubaaqudgha
Makhleb
Nemelex Xobeh
Okawaru
Qazlal
Ru
Sif Muna
Trog
Vehumet
Wu Jian
Xom
Yredelemnul
Zin
The Shining One

Annotations:
D:5 Grinder

############
...........########
#########.........#
..................#
########..........#
#.#.######## #.#.#
##################
#.#.#
#@y...............
#.#.#
#y###....#########
#.#.#
#...+.............
#.#.#
#.###....#########
#.#.# #.# #....# #.
#######.#.# #.#
###### #.
##.....#.#.#####.#
#.
.......'...#...#.#
#.
##.#.#.#.###.#.#.#
#.


You could see 2 killer bees.


Message History

You now have 802 gold pieces (gained 8).
You see here a +0 dagger {short}.
HP[+12]
Your hp is fully restored (54).
You now have 810 gold pieces (gained 8).
Items here: ( ))).
Okay, then.
You drop a +0 leather armour.
Done exploring.
Done exploring.
(D) Dungeon (T) Temple (L) Lair
Where to? (Enter - D:9, ? - help)
There is a stone staircase leading down here.
You fly downwards.
The killer bee misses you. The killer bee closely misses you.
The centaur shoots an arrow.
The arrow closely misses you. The killer bee misses you.
The killer bee closely misses you. The killer bee stings you.
The killer bee completely misses you. The killer bee stings you!
The centaur shoots an arrow.
The arrow hits you!
There is a stone staircase leading up here.
HP[-19]
You take 19 damage, and now have 35/54 hp.
MASSIVE DAMAGE!! (PAUSE)
The killer bee completely misses you. The killer bee stings you.
The killer bee completely misses you. The killer bee stings you.
* * * LOW HITPOINT WARNING * * *
You are poisoned.
The killer bee poisons you! The killer bee barely misses you.
The killer bee closely misses you.
The centaur shoots an arrow.
The arrow barely misses you.
You fly upwards.
You feel very sick.
There is a stone staircase leading down here.
HP[-11]
You take 11 damage, and now have 24/54 hp.
MASSIVE DAMAGE!! (PAUSE)
You are too injured to fight recklessly!
You are too injured to fight recklessly!
You are too injured to fight recklessly!
Shoot: e) +0 shortbow (freeze) {bow}
Press: ? - help, Q - select action, (/) - cycle Shift-Dir - straight line, f - killer bee
Aim: a killer bee (58% to hit)
You shoot an arrow. The arrow misses the killer bee.
You feel sick. The killer bee misses you. The killer bee stings you.
* * * LOW HITPOINT WARNING * * *
You are more poisoned.
The killer bee poisons you! The killer bee misses you.
The killer bee completely misses you.
HP[-1]
You take 1 damage, and now have 23/54 hp.
Shoot: e) +0 shortbow (freeze) {bow}
Press: ? - help, Q - select action, (/) - cycle Shift-Dir - straight line, f/p - killer bee
Aim: a killer bee (58% to hit)
You shoot an arrow. The arrow hits the killer bee!
The arrow freezes the killer bee.
You feel sick. The killer bee closely misses you.
The killer bee barely misses you. The killer bee closely misses you. x2
HP[-2]
You take 2 damage, and now have 21/54 hp.
Shoot: e) +0 shortbow (freeze) {bow}
Press: ? - help, Q - select action, (/) - cycle Shift-Dir - straight line, f/p - killer bee
Aim: a killer bee (severely wounded, 58% to hit)
You shoot an arrow. The arrow hits the killer bee.
The arrow freezes the killer bee.
You feel very sick.
The killer bee stings you but does no damage.
The killer bee completely misses you. The killer bee stings you.
* * * LOW HITPOINT WARNING * * *
The killer bee closely misses you.
HP[-9]
You take 9 damage, and now have 12/54 hp.
Shoot: e) +0 shortbow (freeze) {bow}
Press: ? - help, Q - select action, (/) - cycle Shift-Dir - straight line, f/p - killer bee
Aim: a killer bee (almost dead, 58% to hit)
You shoot an arrow. The arrow hits the killer bee!
The arrow freezes the killer bee.
You kill the killer bee!
You feel sick. The killer bee closely misses you. The killer bee misses you.
Your Dodging skill increases to level 6!
HP[-1]
You take 1 damage, and now have 11/54 hp.
Shoot: e) +0 shortbow (freeze) {bow}
Press: ? - help, Q - select action, (/) - cycle Shift-Dir - straight line You shoot an arrow.
The arrow closely misses the killer bee.
You feel sick. The killer bee barely misses you.
The killer bee closely misses you.
HP[-2]
You take 2 damage, and now have 9/54 hp.
Shoot: e) +0 shortbow (freeze) {bow}
Press: ? - help, Q - select action, (/) - cycle Shift-Dir - straight line, f - killer bee
Aim: a killer bee (58% to hit)
You shoot an arrow. The arrow barely misses the killer bee.
You feel sick. The killer bee stings you.
* * * LOW HITPOINT WARNING * * *
You are more poisoned.
The killer bee poisons you! The killer bee completely misses you.
The killer bee stings you.
You die...
Your body crumbles into a pile of gold.

Skill      XL: |  1  2  3  4  5  6  7  8  9 |
---------------+----------------------------+-----
Bows           | 5 6 7 8 10 12 | 12.0
Evocations     | 4 5 |  5.0
Dodging        | 6 |  6.0
Fighting       | 5 |  5.4
Stealth        | |  1.0

Action                   |  1- 3 |  4- 6 |  7- 9 || total
-------------------------+-------+-------+-------++-------
Melee: Shortbow          |       |     2 |       ||     2
       Kick              |       |     1 |       ||     1
 Fire: Shortbow          |    69 |   153 |   234 ||   456
  Use: Scroll            |     1 |       |    10 ||    11
       Potion            |       |     1 |       ||     1
Armor: Leather armour    |     2 |    26 |    13 ||    41
Dodge: Dodged            |    11 |    56 |   105 ||   172

Levels and vault maps discovered:
D:1:      lightli_arrival_maybe_door_vault, layout_basic,
          chequers_ecumenical_altar_simple_redux
D:2:      layout_basic, grunt_ministairs_13, roderic_nine_men_s_morris,
          uniq_terence
D:3:      layout_loops_ring, item_on_display_a
D:4:      layout_gridville, gup_ossuary_entry_pyramid
D:5:      layout_rooms, mainiacjoe_overflow_catwalk,
          minmay_temple_entry_gardened_gates, uniq_grinder
D:6:      layout_loops_ring
D:7:      layout_cave_pools, nicolae_overflow_quartered_altars,
          skrybe_limestone_x
D:8:      layout_basic, lair_entry_dummy, serial_glass, glass_columns_a,
          glass_columns_b, glass_columns_a, glass_columns_a, glass_columns_b,
          glass_columns_a
D:9:      layout_stronghold, mainiacjoe_overflow_paths, minmay_shop_chei,
          hive_lemuel
Temple:   eino_temple_scatter_basement

Notes
Turn   | Place    | Note
-------+----------+-------------------------------------------
     0 | D:1      | zeratav the Tengu Hunter began the quest for the Orb.
     0 | D:1      | Reached XP level 1. HP: 12/12 MP: 2/2
     0 | D:1      | magus.rc [v1.9.6]
   125 | D:1      | Found a faded altar of an unknown god.
   166 | D:1      | Reached XP level 2. HP: 17/17 MP: 3/3
   262 | D:1      | Reached skill level 5 in Bows
   764 | D:1      | Reached XP level 3. HP: 21/21 MP: 4/4
   970 | D:2      | Noticed Terence
  1003 | D:2      | Identified a scroll of acquirement
  1003 | D:2      | Acquired a +1 pair of gloves of dexterity
  1171 | D:2      | Identified the +2 kite shield "Maggolom" {rPois rCorr}
  1428 | D:2      | Killed Terence
  1429 | D:2      | Reached skill level 6 in Bows
  1429 | D:2      | Reached XP level 4. HP: 26/26 MP: 5/5
  1746 | D:3      | Gained mutation: Your magical nature lets you fly swiftly
                  | and evasively. [Tengu growth]
  1746 | D:3      | Reached XP level 5. HP: 29/30 MP: 6/6
  2013 | D:3      | Reached skill level 7 in Bows
  2591 | D:4      | HP: 2/30 [orc priest/divine providence (15)]
  2876 | D:4      | Reached XP level 6. HP: 26/35 MP: 7/7
  2894 | D:4      | HP: 5/35 [something/magic dart (6)]
  2898 | D:4      | Reached skill level 8 in Bows
  3533 | D:5      | Entered Level 5 of the Dungeon
  3619 | D:4      | HP: 2/35 [something/magic dart (8)]
  3629 | D:4      | Reached XP level 7. HP: 24/40 MP: 8/8
  3812 | D:5      | Reached skill level 9 in Bows
  4026 | D:5      | HP: 7/40 [centaur/arrow (13)]
  4026 | D:5      | HP: 1/40 [centaur/arrow (6)]
  4372 | D:5      | Found a shimmering blue altar of Sif Muna.
  4385 | D:5      | Reached skill level 10 in Bows
  4437 | D:5      | Noticed Grinder
  4571 | D:5      | Found a staircase to the Ecumenical Temple.
  4638 | D:5      | You pick up a book of the Sky and begin reading...
  4638 | D:5      | You add the spells Summon Lightning Spire, Storm Form and
                  | Maxwell's Capacitive Coupling to your library.
  4711 | D:5      | You pick up a book of Necromancy and begin reading...
  4711 | D:5      | You add the spells Pain, Animate Skeleton and Vampiric
                  | Draining to your library.
  4837 | Temple   | Entered the Ecumenical Temple
  5038 | Temple   | Became a worshipper of Gozag Ym Sagoz the Greedy
  5186 | D:6      | Reached XP level 8. HP: 44/44 MP: 9/9
  5299 | D:6      | Reached skill level 11 in Bows
  5583 | D:6      | You pick up a book of Geomancy and begin reading...
  5583 | D:6      | You add the spells Sandblast, Passwall and Stone Arrow to
                  | your library.
  5772 | D:6      | Reached skill level 12 in Bows
  5905 | D:7      | Reached skill level 1 in Evocations
  6056 | D:7      | Reached skill level 2 in Evocations
  6076 | D:7      | Reached skill level 3 in Evocations
  6088 | D:7      | Reached skill level 4 in Evocations
  6088 | D:7      | Reached XP level 9. HP: 39/48 MP: 10/10
  6210 | D:7      | You pick up a book of Vapours and begin reading...
  6210 | D:7      | You add the spells Poisonous Vapours and Corpse Rot to your
                  | library.
  6266 | D:7      | Identified the +1 scale mail of Nemelex Xobeh's Anger {rN+}
  6271 | D:7      | Reached skill level 5 in Evocations
  6404 | D:7      | Reached skill level 3 in Dodging
  6445 | D:7      | Reached skill level 3 in Fighting
  6567 | D:7      | Found a white marble altar of Elyvilon.
  6567 | D:7      | Found an ancient bone altar of Kikubaaqudgha.
  6568 | D:7      | Found a sparkling altar of Nemelex Xobeh.
  6673 | D:7      | Found a bloodstained altar of Trog.
  6807 | D:8      | Noticed a hornet
  6811 | D:8      | Killed a hornet
  6812 | D:8      | Reached skill level 4 in Dodging
  7300 | D:8      | Reached skill level 4 in Fighting
  7464 | D:8      | Noticed a gargoyle
  7466 | D:8      | Killed a gargoyle
  7467 | D:8      | Reached skill level 5 in Dodging
  7716 | D:8      | Reached skill level 5 in Fighting
  7849 | D:8      | Found a staircase to the Lair.
  8242 | D:8      | HP: 12/54 [killer bee (6)]
  8244 | D:8      | Reached skill level 6 in Dodging
  8245 | D:8      | HP: 2/54 [killer bee (6)]
  8245 | D:8      | Slain by a killer bee

Vanquished Creatures
  A gargoyle (D:8)
  A hornet (D:8)
  A water moccasin (D:8)
  2 ice beasts (D:6)
  2 black bears
  A sky beast (D:8)
  2 centaurs
  A kobold brigand (D:8)
  A phantom (D:7)
  A gnoll sergeant (D:7)
  2 bullfrogs
  3 necrophages
  A scorpion (D:5)
  4 wights (D:7)
  3 killer bees (D:8)
  4 howler monkeys (D:7)
  6 hounds
  A jelly (D:3)
  4 orc priests
  A gnoll shaman (D:6)
  Terence (D:2)
  3 iguanas
  3 orc wizards
  A mummy (D:4)
  9 gnolls
  7 adders
  2 shadow imps
  3 white imps (D:7)
  2 ufetubi
  2 worms
  4 dart slugs
  26 orcs
  6 endoplasms
  2 giant cockroaches (D:3)
  11 goblins
  5 hobgoblins
  7 jackals
  3 quokkas
  7 ball pythons
  6 bats
  9 kobolds
  10 rats
171 creatures vanquished.

Table legend:
 A = Non-vault XP
 B = Vault XP
 C = Vault XP percentage of total XP
 D = Non-vault monster count
 E = Vault monster count
 F = Vault count percentage of total count
                 A         B        C        D         E       F
            +---------+---------+-------+---------+---------+-------
      Total |    4442 |      56 |   1.2 |     167 |       4 |   2.3
            +---------+---------+-------+---------+---------+-------
        D:1 |      35 |       0 |   0.0 |      18 |       0 |   0.0
        D:2 |      42 |      38 |  47.5 |      23 |       3 |  11.5
        D:3 |     174 |       0 |   0.0 |      24 |       0 |   0.0
        D:4 |     247 |      18 |   6.8 |      23 |       1 |   4.2
        D:5 |     630 |       0 |   0.0 |      24 |       0 |   0.0
        D:6 |     753 |       0 |   0.0 |      18 |       0 |   0.0
        D:7 |    1115 |       0 |   0.0 |      23 |       0 |   0.0
        D:8 |    1444 |       0 |   0.0 |      13 |       0 |   0.0
        D:9 |       2 |       0 |   0.0 |       1 |       0 |   0.0
            +---------+---------+-------+---------+---------+-------

Illustrated notes

Table legend:
 A = Kills in this place as a percentage of kills in entire the game.
 B = Kills by you in this place as a percentage of kills by you in the entire game.
 C = Kills by friends in this place as a percentage of kills by friends in the entire game.
 D = Other kills in this place as a percentage of other kills in the entire game.
 E = Experience gained in this place as a percentage of experience gained in the entire game.
 F = Experience gained in this place divided by the number of levels of this place that you have seen.
                   A       B       C       D       E      F
               +-------+-------+-------+-------+-------+----------------------
         Total | 100.0 | 100.0 |   N/A |   N/A | 100.0 | 449.8
       Dungeon | 100.0 | 100.0 |   N/A |   N/A | 100.0 | 499.8
               +-------+-------+-------+-------+-------+----------------------

Table legend: (Time is in decaauts)
 A = Elapsed time spent in this place.
 B = Non-inter-level travel time spent in this place.
 C = Inter-level travel time spent in this place.
 D = Time resting spent in this place.
 E = Time spent auto-exploring this place.
 F = Levels seen in this place.
 G = Mean time per level.
                   A        B        C        D        E       F      G
               +--------+--------+--------+--------+--------+-----+--------+
         Total |   7883 |   7524 |    359 |   1091 |   5403 |  10 |  788.3 |
       Dungeon |   7694 |   7368 |    326 |   1091 |   5264 |   9 |  854.9 |
        Temple |    189 |    157 |     32 |      0 |    139 |   1 |  189.0 |
               +--------+--------+--------+--------+--------+-----+--------+

Top non-repeatable levels by time:
     D:8: 1350 daAuts
     D:3: 1170 daAuts
     D:5: 1121 daAuts
     D:1: 942 daAuts
     D:2: 816 daAuts
     D:6: 812 daAuts
     D:4: 755 daAuts
     D:7: 714 daAuts
  Temple: 189 daAuts
     D:9: 10 daAuts
